 Dungeon Crawl Stone Soup version 0.29-a0-231-g945431f764 (webtiles) character file.

Game seed: 842967709363481820

22 Aksej the Skirmisher (level 2, -1/24 HPs)
             Began as a Demonspawn Monk on Feb 28, 2022.
             Slain by a gnoll
             ... wielding a +0 club
              (4 damage)
             ... on level 1 of the Dungeon.
             The game lasted 00:01:09 (596 turns).

Aksej the Skirmisher (Demonspawn Monk)               Turns: 596, Time: 00:01:10

Health: -1/24      AC:  3    Str: 11    XL:     2   Next: 68%
Magic:  2/2        EV: 13    Int: 11    God:
Gold:   51         SH:  0    Dex: 15    Spells: 1/1 levels left

rFire   . . .      SeeInvis .   a - +0 mace
rCold   . . .      Faith    .   (no shield)
rNeg    . . .      Spirit   .   b - +0 robe
rPois   .          Reflect  .   f - +0 hat
rElec   .          Harm     .   c - +0 cloak
rCorr   .          Rampage  .   (no gloves)
Will    .....                   (no boots)
Stlth   ++........              (no amulet)
HPRegen 0.08/turn               (no ring)
MPRegen 0.08/turn               (no ring)

@: no status effects
A: demonic touch 1
a: no special abilities


You were on level 1 of the Dungeon.
You visited 1 branch of the dungeon, and saw 1 of its levels.

You collected 51 gold pieces.

Inventory:

Hand Weapons
 a - a +0 mace (weapon)
Armour
 b - a +0 robe (worn)
 c - a +0 cloak (worn)
 f - a +0 hat (worn)
Scrolls
 d - a scroll of enchant armour {unknown}
 e - a scroll of vulnerability {unknown}


   Skills:
 * Level 3.4 Fighting
 + Level 2.9 Maces & Flails
 + Level 3.0 Dodging
 + Level 1.8 Stealth


You had one spell level left.
You didn't know any spells.
Your spell library contained the following spells:

 Spells                   Type           Power      Damage    Failure   Level
 Shock                    Conj/Air       0%         1d3       34%         1
 Blink                    Tloc           0%         N/A       47%         2
 Lesser Beckoning         Tloc           0%         N/A       71%         3
 Manifold Assault         Tloc           0%         N/A       100%        5


Dungeon Overview and Level Annotations

Branches:
Dungeon (1/15)

Altars:


Innate Abilities, Weirdness & Mutations

Your touch may inflict minor irresistible damage on your foes.


Message History

You closely miss the kobold.
The kobold shouts!
Your touch misses the kobold.
A frilled lizard comes into view.
The rat barely misses you. The kobold hits you with a +0 whip.
You miss the kobold. The rat closely misses you.
The kobold hits you with a +0 whip.
The gnoll shouts!
You hit the goblin.
You kill the goblin!
The rat bites you. The kobold misses you.
The kobold hits you with a +0 short sword.
The rat closely misses you.
You closely miss the kobold. The kobold barely misses you.
The rat closely misses you.
The kobold hits you with a +0 short sword.
The kobold barely misses you. The gnoll barely misses you. The rat bites you.
The kobold closely misses you. The gnoll barely misses you.
The kobold misses you. The endoplasm closely misses you.
You thump the endoplasm!
You kill the endoplasm!
You hit the kobold.
The kobold is severely wounded.
The kobold hits you with a +0 short sword.
You hit the kobold.
You kill the kobold!
You aren't carrying any potions.
You hit the kobold.
The kobold is moderately wounded.
The kobold completely misses you. The kobold barely misses you.
You hit the kobold.
You kill the kobold!
The rat twitches its whiskers.
You closely miss the gnoll.
You touch the gnoll.
The gnoll is moderately wounded.
The gnoll hits you with a +0 club.
* * * LOW HITPOINT WARNING * * *
The gnoll hits you with a +0 club.
You die...

#.# ##.#
#......... ..#
#.######)........
###
#......#.........
######...........
........#.........
#######.##r......#
#.##l#######
#.##g# #.##@#
#.##.# ..##.# ...
... ..... .....
.......


You could see a gnoll, a frilled lizard and a rat.

Vanquished Creatures
  A dart slug (D:1)
  2 bats (D:1)
  4 endoplasms (D:1)
  A giant cockroach (D:1)
  2 goblins (D:1)
  4 kobolds (D:1)
  A quokka (D:1)
  A ball python (D:1)
  2 rats (D:1)
18 creatures vanquished.

Vanquished Creatures (others)
  3 fungi (D:1)
  3 plants (D:1)
6 creatures vanquished.

Grand Total: 24 creatures vanquished

Notes
Turn   | Place    | Note
-------+----------+-------------------------------------------
     0 | D:1      | Aksej the Demonspawn Monk began the quest for the Orb.
     0 | D:1      | Reached XP level 1. HP: 18/18 MP: 1/1
   111 | D:1      | Found a faded altar of an unknown god.
   116 | D:1      | Got Plato's Tome of Air
   273 | D:1      | Gained mutation: Your touch may inflict minor irresistible
                  | damage on your foes. [demonic ancestry]
   273 | D:1      | Reached XP level 2. HP: 15/24 MP: 2/2
   596 | D:1      | Slain by a gnoll

Illustrated notes

Levels and vault maps discovered:
D:1:      matt_arrival_refuge, layout_rooms, shapermc_ecumenical_altar_rom_forum

Skill      XL: |  1 |
---------------+----+-----
Dodging        | 3 |  3.0
Fighting       | |  3.4
Maces & Flails | |  2.9
Stealth        | |  1.8

Action                   || total
-------------------------++-------
Melee: Mace              ||    51
       Punch             ||     1
       Touch             ||     1
 Stab: Sleeping          ||     1
Armor: Robe              ||    10
Dodge: Dodged            ||    33

Table legend: (Time is in decaauts)
 A = Elapsed time spent in this place.
 B = Non-inter-level travel time spent in this place.
 C = Inter-level travel time spent in this place.
 D = Time resting spent in this place.
 E = Time spent auto-exploring this place.
 F = Levels seen in this place.
 G = Mean time per level.
                   A        B        C        D        E       F      G
               +--------+--------+--------+--------+--------+-----+--------+
         Total |    608 |    608 |      0 |      0 |    458 |   1 |  608.0 |
       Dungeon |    608 |    608 |      0 |      0 |    458 |   1 |  608.0 |
               +--------+--------+--------+--------+--------+-----+--------+

Top non-repeatable levels by time:
     D:1: 608 daAuts
